 Dungeon Crawl Stone Soup version 0.28-a0-909-g796cbd3a86 (webtiles) character file.

Game seed: 978690717254963576

220210 BinkBink the Hoplite (level 18, -4/163 HPs)
             Began as a Minotaur Monk on Nov 25, 2021.
             Was the Champion of Jiyva.
             Slain by the 27-headed Lernaean hydra (9 damage)
             ... on level 4 of the Swamp.
             The game lasted 01:39:39 (28479 turns).

BinkBink the Hoplite (Minotaur Monk)               Turns: 28479, Time: 01:39:41

Health: -4/163     AC: 26    Str: 21      XL:     18   Next: 46%
Magic:  17/17      EV: 13    Int:  4 (7)  God:    Jiyva [******]
Gold:   1320       SH: 25    Dex: 14 (22) Spells: 17/17 levels left

rFire   + . .      SeeInvis .   l - +9 flail (holy)
rCold   + + +      Faith    .   b - +3 kite shield
rNeg    . . .      Spirit   .   H - +1 plate armour of the Solemn Wumpus {-Tele rC+ Str+4}
rPois   +          Reflect  +   i - +0 hat {Will+}
rElec   .          Harm     .   r - +2 cloak {rPois}
rCorr   +          Rampage  .   (gloves unavailable)
Will    +++..      NoTele   +   (no boots)
Stlth   ..........              h - amulet of reflection
HPRegen 2.37/turn               D - ring of protection from fire
MPRegen 0.65/turn               L - +4 ring of slaying

@: hasted, slow
A: horns 2, retaliatory headbutt, claws 3, talons 1, thin skeletal structure 1,
cold resistance 2, strong-willed 1, shaggy fur 3, eyeballs 2, gelatinous body 1,
MP-powered wands
}: 1/15 runes: gossamer
a: Renounce Religion, Oozemancy, Slimify


You were on level 4 of the Swamp.
You worshipped Jiyva.
Jiyva was exalted by your worship.
You visited 5 branches of the dungeon, and saw 31 of its levels.
You also visited: Ice Cave and Volcano.

You collected 2233 gold pieces.
You spent 913 gold pieces at shops.

Inventory:

Hand Weapons
 l - a +9 flail of holy wrath (weapon)
Missiles
 E - a throwing net (quivered)
Armour
 b - a +3 kite shield (worn)
 i - a +0 hat of willpower (worn)
 q - +5 steam dragon scales
 r - a +2 cloak of poison resistance (worn)
 B - the +6 scale mail of the Game of Kings {Rampage rElec Dex+5}
   (You found it on level 1 of the Lair of Beasts)

   Dex:       It affects your dexterity (+5).
   rElec:     It insulates you from electricity.
   Rampage:   It bestows one free step when moving towards enemies.
 H - the +1 plate armour of the Solemn Wumpus (worn) {-Tele rC+ Str+4}
   (You found it on level 11 of the Dungeon)

   Str:       It affects your strength (+4).
   rC:        It protects you from cold.
   -Tele:     It prevents most forms of teleportation.
Jewellery
 a - a ring of positive energy
 d - a ring of wizardry
 h - an amulet of reflection (around neck)
 p - the ring of the Gastropod {Int+4 Slay+4}
   (You found it on level 3 of the Swamp)

   [ring of slaying]

   Int:       It affects your intelligence (+4).
   Slay:      It affects your accuracy & damage with ranged weapons and melee
   (+4).
 s - an amulet of guardian spirit
 y - an amulet of faith
 D - a ring of protection from fire (left claw)
 F - a ring of willpower
 L - a +4 ring of slaying (right claw)
 T - a ring of positive energy
 Y - a ring of protection from cold
Wands
 k - a wand of digging (10)
 u - a wand of acid (29)
 v - a wand of mindburst (28)
 J - a wand of charming (18)
 K - a wand of flame (39)
 M - a wand of polymorph (14)
 O - a wand of paralysis (15)
 Q - a wand of iceblast (16)
Scrolls
 c - 3 scrolls of magic mapping
 x - 2 scrolls of silence
 A - 2 scrolls of fear
 C - a scroll of holy word
 G - a scroll of identify
 V - a scroll of teleportation
 W - a scroll of brand weapon
 Z - 2 scrolls of amnesia
Potions
 e - 2 potions of lignification
 f - a potion of invisibility {unknown}
 g - 3 potions of flight
 j - a potion of haste
 m - 7 potions of curing
 n - 4 potions of resistance
 o - 2 potions of ambrosia
 t - 9 potions of heal wounds
 w - 3 potions of mutation
 z - 2 potions of berserk rage
 N - a potion of cancellation
 P - a potion of brilliance
 S - a potion of magic
Miscellaneous
 I - a lightning rod (4/4)


   Skills:
 + Level 15.1 Fighting
 + Level 17.3 Maces & Flails
 * Level 16.5 Armour
 * Level 13.8 Dodging
 - Level 1.5 Stealth
 * Level 25.5 Shields
 + Level 0.1 Evocations


You had 17 spell levels left.
You didn't know any spells.
Your spell library contained the following spells:

 Spells                   Type           Power      Damage    Failure   Level
 Animate Skeleton         Necr           0%         N/A       99%         1
 Apportation              Tloc           0%         N/A       99%         1
 Beastly Appendage        Tmut           0%         N/A       99%         1
 Freeze                   Ice            0%         1d3       99%         1
 Pain                     Necr           0%         1d4       99%         1
 Shock                    Conj/Air       0%         1d3       99%         1
 Slow                     Hex            0%         N/A       99%         1
 Sting                    Tmut/Pois      0%         1d3       99%         1
 Summon Small Mammal      Summ           0%         N/A       99%         1
 Corpse Rot               Necr/Air       0%         N/A       100%        2
 Wereblood                Tmut           0%         N/A       100%        2
 Confusing Touch          Hex            0%         N/A       100%        3
 Conjure Flame            Conj/Fire      0%         6-21      100%        3
 Frozen Ramparts          Ice            0%         1d2       100%        3
 Gell's Gravitas          Tloc           0%         N/A       100%        3
 Ignite Poison            Fire/Tmut/Pois 0%         N/A       100%        3
 Inner Flame              Hex/Fire       0%         N/A       100%        3
 Lesser Beckoning         Tloc           0%         N/A       100%        3
 Spider Form              Tmut/Pois      0%         N/A       100%        3
 Teleport Other           Tloc           0%         N/A       100%        3
 Vampiric Draining        Necr           0%         2d6       100%        3
 Airstrike                Air            0%         N/A       100%        4
 Animate Dead             Necr           0%         N/A       100%        4
 Cause Fear               Hex            0%         N/A       100%        4
 Hailstorm                Conj/Ice       0%         3d3       100%        4
 Ice Form                 Ice/Tmut       0%         N/A       100%        4
 Sticky Flame             Conj/Fire      0%         2d3       100%        4
 Summon Lightning Spire   Summ/Air       0%         N/A       100%        4
 Lightning Bolt           Conj/Air       0%         1d11      100%        5
 Summon Mana Viper        Hex/Summ       0%         N/A       100%        5
 Yara's Violent Unravell  Hex/Tmut       0%         3d3       100%        5
 Simulacrum               Ice/Necr       0%         N/A       100%        6
 Haunt                    Necr/Summ      0%         N/A       100%        7
 Discord                  Hex            0%         N/A       100%        8
 Infestation              Necr           0%         N/A       100%        8


Dungeon Overview and Level Annotations

Branches:
Dungeon (15/15)            Temple (0/1) D:5            Lair (6/6) D:10
  Swamp (4/4) Lair:4       Spider (4/4) Lair:2        Slime (0/5) Lair:5
    Orc (2/2) D:10            Elf (0/3) Orc:2        Vaults (0/5) D:13
 Depths (0/4) D:15          IceCv (visited)         Volcano (visited)

Altars:
Elyvilon
Zin
The Shining One
Beogh
Jiyva
Lugonu

Shops:
D:3 (   D:4 =   D:8 :   D:11 [!:   Orc:2 [[[(

Portals:
Abyss: D:3

Annotations:
D:2 1 runed translucent door, Crazy Yiuf
D:3 2 runed translucent doors
D:14 2 transporters
Lair:1 2 transporters
Swamp:4 Lernaean hydra
Spider:2 2 transporters, exclusion: obsidian statue, Htamos's ghost, journeyman FoVM


Innate Abilities, Weirdness & Mutations

You have a pair of horns on your head.
You reflexively headbutt those who attack you in melee.
You have claws for hands.
You have sharp toenails.
You have a somewhat thin skeletal structure. (Dex +2, Stealth+)
Your flesh is very cold resistant. (rC++)
You are strong-willed. (Will+)
Your thick and shaggy fur keeps you warm. (AC +3, rC+)
Your body has grown many eyes which may confuse attackers. (Acc +5)
Your rubbery body absorbs attacks. (AC +1, EV +1)
You expend magic power (3 MP) to strengthen your wands.


Message History

You feel yourself speed up.
You block the 27-headed Lernaean hydra's attack. x2
The 27-headed Lernaean hydra barely misses you.
You block the 27-headed Lernaean hydra's attack.
The 27-headed Lernaean hydra bites you but does no damage.
You block the 27-headed Lernaean hydra's attack.
The 27-headed Lernaean hydra bites you but does no damage.
The 27-headed Lernaean hydra bites you!
* * * LOW HITPOINT WARNING * * *
The 27-headed Lernaean hydra bites you!
* * * LOW HITPOINT WARNING * * *
The 27-headed Lernaean hydra bites you but does no damage. x3
You block the 27-headed Lernaean hydra's attack.
The 27-headed Lernaean hydra barely misses you.
The 27-headed Lernaean hydra bites you but does no damage.
The 27-headed Lernaean hydra bites you!
* * * LOW HITPOINT WARNING * * *
You block the 27-headed Lernaean hydra's attack.
The 27-headed Lernaean hydra misses you.
The 27-headed Lernaean hydra bites you but does no damage. x2
The 27-headed Lernaean hydra completely misses you.
The 27-headed Lernaean hydra bites you.
* * * LOW HITPOINT WARNING * * *
The 27-headed Lernaean hydra bites you but does no damage. x2
The 27-headed Lernaean hydra bites you.
* * * LOW HITPOINT WARNING * * *
The 27-headed Lernaean hydra bites you but does no damage.
You block the 27-headed Lernaean hydra's attack.
There is a stone staircase leading up, spattered with blood here.
Okay, then.
The 27-headed Lernaean hydra is no longer covered in acid.
You enter the shallow water.
Moving in this stuff is going to be slow.
You block the 27-headed Lernaean hydra's attack. x3
The 27-headed Lernaean hydra bites you!
* * * LOW HITPOINT WARNING * * *
The 27-headed Lernaean hydra bites you.
* * * LOW HITPOINT WARNING * * *
The 27-headed Lernaean hydra bites you!
You die...

≈≈≈.♣≈§§§§§§§≈..≈.≈.≈≈.♣
≈≈.♣♣♣♣§§§§§§.♣..♣♣.≈≈≈♣
≈.≈♣♣♣♣♣§§§§§≈♣♣♣♣♣♣..♣♣
....≈.♣§§§§.§♣♣ ♣♣♣♣
..♣.§♣§§§≈§≈♣♣ ♣♣♣♣♣
≈≈♣♣♣♣.≈≈≈♣♣♣ ♣♣♣♣≈<.♣
≈.♣ ♣♣.≈≈.≈♣♣ ♣...≈≈.♣♣
.≈≈♣♣..≈≈...♣♣♣♣≈§..≈≈.♣
♣♣♣≈≈..≈≈≈≈<.≈.D@.≈≈≈≈♣♣
♣♣♣♣≈≈≈≈.♣..♣♣♣..≈§.≈♣ *
♣♣.≈≈≈.§♣♣♣♣♣..♣..♣♣ * ,
♣.≈≈§≈§..♣♣.≈.≈≈♣♣♣
≈≈≈≈≈≈≈..♣♣♣≈§..♣♣
≈≈≈≈.≈...♣♣ ♣♣♣♣♣♣
♣≈≈...♣♣♣♣ .≈≈.♣♣♣ ≈≈§*


You could see the 27-headed Lernaean hydra.

Vanquished Creatures
  Rupert (Lair:5)
  Jorgrun (Swamp:2)
  Mlioglotl (Spider:2)
  Gastronok (D:11)
  A thorn hunter (Swamp:3)
  2 fenstrider witches (Swamp:3)
  A frost giant (IceCv)
  4 ghost moths
  2 orc warlords
  10 emperor scorpions
  8 bunyips
  A spark wasp (Spider:2)
  5 entropy weavers
  2 fire dragons
  6 eleionomae
  A shambling mangrove (Swamp:3)
  The ghost of Vuiwum the Convoker, a journeyman TeSu of Hepliaklqana (Lair:5)
  19 hydras
  5 boulder beetles
  5 centaur warriors
  11 two-headed ogres
  10 alligators
  An ogre mage (Orc:2)
  A tengu warrior (D:15)
  7 death yaks (IceCv)
  Urug (Lair:5)
  An orc high priest (Orc:2)
  Sonja (D:13)
  A hell knight (D:15)
  2 skeletal warriors (D:13)
  2 large abominations (Swamp:2)
  A fire crab (Lair:6)
  3 goliath frogs
  A deep troll (D:15)
  8 swamp dragons
  A death drake (Swamp:2)
  A spriggan druid (Swamp:3)
  14 bog bodies
  A lindwurm (Volcano)
  3 spectral hydras (Swamp:2)
  2 phantasmal warriors
  2 wizards (D:15)
  Pikel (D:8)
  2 orc knights
  2 necromancers
  4 orc sorcerers
  17 orb spiders
  7 deep elf pyromancers
  4 goliath frog zombies (Swamp:2)
  37 wolf spiders
  A moth of wrath (Spider:3)
  4 will-o-the-wisps
  4 manticores
  2 ugly things
  3 cyclopes
  5 black mambas
  9 elephants
  An ice statue (IceCv)
  5 molten gargoyles
  3 torpor snails
  14 cane toads
  Maggie (D:7)
  4 gargoyles (D:8)
  13 demonic crawlers
  5 swamp worm zombies (Swamp:2)
  9 rime drakes
  14 komodo dragons
  A hydra zombie (Swamp:1)
  3 meliai (Spider:3)
  10 tyrant leeches
  9 trolls
  42 jumping spiders
  7 polar bears
  9 hornets
  38 blink frogs
  A spectral dream sheep (Lair:5)
  3 spectral swamp dragons (Swamp:2)
  4 dream sheep (Lair:2)
  3 alligator zombies (Swamp:2)
  A centaur simulacrum (D:11)
  Sigmund (D:5)
  4 spriggans
  41 yaks
  4 shadows
  29 tarantellas
  78 redbacks
  7 fire bats (Volcano)
  2 wraiths
  2 spectral komodo dragons (Lair:5)
  12 basilisks
  A tyrant leech zombie (Swamp:2)
  4 wyverns
  4 steam dragons
  17 vampire mosquitoes
  A catoblepas simulacrum (Lair:5)
  4 wargs (Orc:1)
  A two-headed ogre zombie (D:10)
  2 acid dragons
  9 swamp worms
  Edmund (D:5)
  4 hell hounds (Lair:6)
  10 water moccasins
  5 swamp drakes (Swamp:4)
  A boulder beetle simulacrum (Lair:5)
  34 orc warriors
  A sky beast (D:8)
  An ice beast (D:6)
  2 black bears
  8 ogres
  19 wolves
  3 centaurs
  A phantom (D:10)
  A kobold brigand (D:10)
  10 bullfrogs
  A scorpion (D:4)
  A water moccasin zombie (D:5)
  A water moccasin skeleton (D:5)
  A spriggan zombie (Swamp:2)
  3 troll zombies
  A jelly (Spider:1)
  3 killer bees (D:9)
  5 wights (D:8)
  A howler monkey (D:11)
  2 electric eels
  4 centaur zombies
  12 lava snakes
  2 centaur skeletons
  2 gnoll shamans
  A bullfrog skeleton (D:6)
  20 orc priests
  15 orc wizards
  5 iguanas
  A killer bee zombie (D:5)
  3 ogre zombies (D:10)
  A howler monkey zombie (D:9)
  Robin (D:3)
  7 gnolls
  7 adders
  A shadow imp (D:7)
  13 white imps
  An adder skeleton (D:4)
  2 worms (D:3)
  102 orcs
  An endoplasm (D:1)
  7 giant cockroaches
  12 goblins
  8 hobgoblins
  9 kobolds
  4 quokkas
  3 ball pythons
  7 bats
  A hobgoblin skeleton (D:10)
  3 hobgoblin zombies (D:10)
  An orc skeleton (D:10)
  14 orc zombies (D:10)
  5 rats
  A butterfly (Swamp:3)
1073 creatures vanquished.

Vanquished Creatures (collateral kills)
  An ironbound preserver (D:13)
  An ettin (D:15)
  2 boulder beetles
  2 death knights
  Erolcha (D:10)
  A catoblepas (D:13)
  2 skeletal warriors (D:13)
  An orb spider (Spider:4)
  A wolf spider (Spider:3)
  A gargoyle (D:8)
  A jumping spider (Spider:3)
  A troll (D:9)
  A hornet (D:9)
  A tarantella (Spider:4)
  A redback (Spider:4)
  A yak (D:9)
  A wraith (D:13)
  6 orc warriors
  An ogre (D:11)
  A centaur (D:9)
  A kobold brigand (D:9)
  A hound (D:7)
  2 gnoll shamans (D:7)
  8 gnolls (D:7)
  6 kobolds
  A goblin zombie (D:10)
  2 orc zombies (D:10)
49 creatures vanquished.

Vanquished Creatures (others)
  A ghost moth (Spider:4)
  A centaur warrior (D:15)
  An orb spider (Spider:4)
  A manticore (D:13)
  A wolf spider (Spider:1)
  Maurice (D:8)
  An elephant (Lair:6)
  A rime drake (IceCv)
  A demonic crawler (Spider:2)
  A bloated husk (Swamp:3)
  A hornet (Spider:2)
  A jumping spider (Spider:2)
  A redback (Spider:3)
  A tarantella (Spider:4)
  A tyrant leech zombie (Swamp:2)
  A basilisk (D:15)
  An orc warrior (Orc:2)
  A necrophage (D:8)
  A centaur (D:8)
  A kobold brigand (D:10)
  A lemure (D:8)
  A bullfrog (Lair:5)
  A scorpion (D:5)
  167 jellies
  4 orc priests
  A bullfrog skeleton (D:6)
  An iguana (D:3)
  3 orc wizards
  3 ogre zombies (D:10)
  A white imp (D:6)
  14 orcs
  2 endoplasms
  2 giant cockroaches (D:2)
  A goblin (D:2)
  2 hobgoblins
  2 ball pythons (D:2)
  2 bats
  A goblin zombie (D:10)
  5 kobolds
  2 orc zombies (D:10)
  41 foxfires
  97 fungi
  102 plants
476 creatures vanquished.

Grand Total: 1598 creatures vanquished

Notes
Turn   | Place    | Note
-------+----------+-------------------------------------------
     0 | D:1      | BinkBink the Minotaur Monk began the quest for the Orb.
     0 | D:1      | Reached XP level 1. HP: 19/19 MP: 0/0
   134 | D:1      | Reached XP level 2. HP: 27/27 MP: 1/1
   455 | D:1      | Found a faded altar of an unknown god.
   471 | D:1      | Prayed at the altar of an unknown god.
   471 | D:1      | Became a worshipper of Jiyva Jarhohau the Shapeless
   471 | D:1      | Reached * piety under Jiyva
   471 | D:1      | Reached ** piety under Jiyva
   624 | D:1      | Reached XP level 3. HP: 33/33 MP: 2/2
   629 | D:1      | Reached *** piety under Jiyva
  1034 | D:2      | Reached XP level 4. HP: 41/41 MP: 3/3
  1115 | D:2      | Gained mutation: You are strong-willed. (Will+) [Jiyva's
                  | grace]
  1115 | D:2      | Gained mutation: You are highly strong-willed. (Will++)
                  | [Jiyva's grace]
  1115 | D:2      | Gained mutation: You are extremely strong-willed. (Will+++)
                  | [Jiyva's grace]
  1115 | D:2      | Gained mutation: Your translucent skin slightly reduces
                  | your foes' accuracy. (Stealth+) [Jiyva's grace]
  1347 | D:2      | Found a runed translucent door.
  1348 | D:2      | Noticed Crazy Yiuf
  1440 | D:2      | Reached **** piety under Jiyva
  1659 | D:3      | Found a large runed translucent door.
  1662 | D:3      | Reached skill level 5 in Maces & Flails
  1676 | D:3      | Found a large runed translucent door.
  1709 | D:3      | Noticed Robin
  1717 | D:3      | Killed Robin
  1986 | D:3      | Found a one-way gate to the infinite horrors of the Abyss.
  2024 | D:3      | Noticed a phantom
  2208 | D:3      | Found Eshroi Iqell's Weapon Shoppe.
  2271 | D:3      | Found a corrupted altar of Lugonu.
  2460 | D:4      | Reached XP level 5. HP: 47/47 MP: 4/4
  2478 | D:4      | Reached skill level 5 in Fighting
  2597 | D:4      | Reached ***** piety under Jiyva
  2776 | D:4      | Lost mutation: You are extremely strong-willed. (Will+++)
                  | [Jiyva's grace]
  2776 | D:4      | Lost mutation: You are highly strong-willed. (Will++)
                  | [Jiyva's grace]
  2776 | D:4      | Lost mutation: Your translucent skin slightly reduces your
                  | foes' accuracy. (Stealth+) [Jiyva's grace]
  2776 | D:4      | Gained mutation: Your movements are slightly less
                  | encumbered by armour. (ER -2) [Jiyva's grace]
  2776 | D:4      | Gained mutation: Your movements are less encumbered by
                  | armour. (ER -4) [Jiyva's grace]
  2776 | D:4      | Gained mutation: Your movements are significantly less
                  | encumbered by armour. (ER -6) [Jiyva's grace]
  2776 | D:4      | Gained mutation: Your system is resistant to poisons.
                  | (rPois) [Jiyva's grace]
  2810 | D:4      | Found Vika Wal's Jewellery Emporium.
  2822 | D:4      | Reached skill level 1 in Armour
  2822 | D:4      | Reached XP level 6. HP: 56/56 MP: 5/5
  2839 | D:4      | Reached skill level 1 in Shields
  3308 | D:5      | Entered Level 5 of the Dungeon
  3475 | D:5      | Found a glowing golden altar of the Shining One.
  3494 | D:5      | Noticed Edmund
  3612 | D:5      | Found a staircase to the Ecumenical Temple.
  3677 | D:5      | Reached skill level 2 in Shields
  3683 | D:5      | Reached XP level 7. HP: 61/61 MP: 6/6
  3787 | D:5      | Reached skill level 5 in Dodging
  3787 | D:5      | Reached skill level 3 in Shields
  4170 | D:5      | Killed Edmund
  4229 | D:5      | Noticed Sigmund
  4239 | D:5      | Killed Sigmund
  4240 | D:5      | Reached skill level 4 in Shields
  4345 | D:6      | Got An Initiation to Spellweaving
  4476 | D:6      | Reached XP level 8. HP: 70/70 MP: 7/7
  4947 | D:7      | Reached ****** piety under Jiyva
  4953 | D:7      | Lost mutation: You are strong-willed. (Will+) [Jiyva's
                  | grace]
  4953 | D:7      | Gained mutation: You passively map a small area around you.
                  | [Jiyva's grace]
  4953 | D:7      | Gained mutation: You passively map the area around you.
                  | [Jiyva's grace]
  4953 | D:7      | Gained mutation: You passively map a large area around you.
                  | [Jiyva's grace]
  4953 | D:7      | Gained mutation: Your muscles are strong. (Str +2) [Jiyva's
                  | grace]
  4997 | D:7      | Reached skill level 5 in Shields
  5146 | D:7      | Noticed Maggie
  5253 | D:7      | Reached skill level 6 in Shields
  5423 | D:7      | Killed Maggie
  5424 | D:7      | Reached XP level 9. HP: 56/78 MP: 8/8
  5653 | D:8      | Reached skill level 5 in Armour
  5659 | D:8      | Reached skill level 7 in Shields
  5749 | D:8      | Killed Maurice
  5835 | D:8      | Noticed a gargoyle
  5866 | D:8      | Killed a gargoyle
  5867 | D:8      | Reached skill level 8 in Shields
  5881 | D:8      | Noticed a two-headed ogre
  5881 | D:8      | Noticed a gargoyle
  5893 | D:8      | Noticed a gargoyle
  5906 | D:8      | Killed a gargoyle
  5923 | D:8      | Noticed a gargoyle
  5961 | D:8      | Killed a gargoyle
  5996 | D:8      | Killed a two-headed ogre
  5997 | D:8      | Reached skill level 10 in Maces & Flails
  5997 | D:8      | Reached skill level 9 in Shields
  5997 | D:8      | Reached XP level 10. HP: 71/86 MP: 9/9
  6015 | D:8      | Killed a gargoyle
  6057 | D:8      | Noticed a gargoyle
  6067 | D:8      | Killed a gargoyle
  6095 | D:8      | Noticed Pikel
  6104 | D:8      | Killed Pikel
  6160 | D:8      | Found Fabuprij's Book Boutique.
  6186 | D:8      | Noticed a two-headed ogre
  6193 | D:8      | Killed a two-headed ogre
  6194 | D:8      | Reached skill level 10 in Shields
  6635 | D:9      | Gained mutation: You have sharp toenails. [Jiyva's grace]
  6635 | D:9      | Gained mutation: You have razor-sharp toenails. [Jiyva's
                  | grace]
  6635 | D:9      | Gained mutation: You have claws for feet. [Jiyva's grace]
  6635 | D:9      | Gained mutation: Armour fits poorly on your pseudopods.
                  | [Jiyva's grace]
  6792 | D:9      | Noticed a death knight
  6811 | D:9      | Killed a death knight
  6813 | D:9      | Reached skill level 11 in Shields
  6818 | D:9      | Reached XP level 11. HP: 93/94 MP: 10/10
  7206 | D:10     | Entered Level 10 of the Dungeon
  7217 | D:10     | Found a staircase to the Lair.
  7231 | D:10     | Noticed Erolcha
  7240 | D:10     | Noticed a two-headed ogre
  7252 | D:10     | Killed a two-headed ogre
  7255 | D:10     | Killed Erolcha
  7481 | D:10     | Noticed a two-headed ogre
  7481 | D:10     | Noticed a seven-headed hydra
  7732 | D:10     | Found a staircase to the Orcish Mines.
  7989 | D:10     | Killed a seven-headed hydra
  7990 | D:10     | Reached skill level 12 in Shields
  8093 | D:10     | Killed a two-headed ogre
  8198 | D:11     | Found Batsushro's Antique Armour Shoppe.
  8325 | D:11     | Noticed a seven-headed hydra
  8375 | D:11     | Killed a seven-headed hydra
  8461 | D:11     | Found Ygof's Book Emporium.
  8491 | D:11     | Lost mutation: You passively map a large area around you.
                  | [Jiyva's grace]
  8491 | D:11     | Lost mutation: You passively map the area around you.
                  | [Jiyva's grace]
  8491 | D:11     | Gained mutation: Your body has grown eyes which may confuse
                  | attackers. (Acc +3) [Jiyva's grace]
  8491 | D:11     | Gained mutation: Your body has grown many eyes which may
                  | confuse attackers. (Acc +5) [Jiyva's grace]
  8491 | D:11     | Gained mutation: Your body is covered in eyes which may
                  | confuse attackers. (Acc +7, SInv) [Jiyva's grace]
  8491 | D:11     | Gained mutation: You passively dampen the noise of your
                  | surroundings. [Jiyva's grace]
  8534 | D:11     | Reached skill level 13 in Shields
  8536 | D:11     | Found Tecaupih's Distillery.
  8629 | D:11     | Bought a potion of mutation for 112 gold pieces
  8629 | D:11     | Bought a potion of curing for 42 gold pieces
  8629 | D:11     | Bought a potion of curing for 42 gold pieces
  8629 | D:11     | Bought a potion of mutation for 112 gold pieces
  8629 | D:11     | Bought a potion of curing for 42 gold pieces
  8928 | D:11     | Identified the +1 plate armour of the Solemn Wumpus {-Tele
                  | rC+ Str+4}
  9114 | D:12     | Noticed a boulder beetle
  9124 | D:12     | Killed a boulder beetle
  9503 | D:12     | Reached XP level 12. HP: 104/104 MP: 11/11
  9623 | D:12     | Noticed a boulder beetle
  9645 | D:12     | Killed a boulder beetle
 10019 | D:13     | Noticed a two-headed ogre
 10025 | D:13     | Killed a two-headed ogre
 10064 | D:13     | Reached skill level 14 in Shields
 10135 | D:13     | Noticed a two-headed ogre
 10146 | D:13     | Noticed a centaur warrior
 10146 | D:13     | Noticed a five-headed hydra
 10238 | D:13     | Noticed a two-headed ogre
 10245 | D:13     | Killed a two-headed ogre
 10277 | D:13     | Noticed Sonja
 10291 | D:13     | Killed Sonja
 10292 | D:13     | Reached skill level 10 in Armour
 10468 | D:13     | Killed a centaur warrior
 10519 | D:13     | Killed a two-headed ogre
 10544 | D:13     | Killed a five-headed hydra
 10564 | D:13     | Noticed a death knight
 10583 | D:13     | Killed a death knight
 10584 | D:13     | Reached skill level 15 in Shields
 10596 | D:13     | Noticed a catoblepas
 10757 | D:13     | Reached XP level 13. HP: 113/113 MP: 12/12
 10855 | D:13     | Noticed an ironbound preserver
 10856 | D:13     | Found a gate to the Vaults.
 10874 | D:13     | Killed an ironbound preserver
 10875 | D:13     | Reached skill level 10 in Fighting
 10990 | D:13     | Lost mutation: You have claws for feet. [Jiyva's grace]
 10990 | D:13     | Lost mutation: Your movements are significantly less
                  | encumbered by armour. (ER -6) [Jiyva's grace]
 10990 | D:13     | Gained mutation: Your flesh is cold resistant. (rC+)
                  | [Jiyva's grace]
 10990 | D:13     | Gained mutation: Your flesh is very cold resistant. (rC++)
                  | [Jiyva's grace]
 10990 | D:13     | Gained mutation: Your flesh is almost immune to the effects
                  | of cold. (rC+++) [Jiyva's grace]
 10990 | D:13     | Gained mutation: You have claws for feet. [Jiyva's grace]
 11202 | D:14     | Found a transporter.
 11357 | D:14     | Reached skill level 16 in Shields
 11380 | D:14     | Found a transporter.
 11661 | D:15     | Entered Level 15 of the Dungeon
 11841 | D:15     | Reached skill level 10 in Dodging
 11842 | D:15     | Found a staircase to the Depths.
 12049 | D:15     | Noticed an ettin
 12109 | D:15     | Killed an ettin
 12179 | D:15     | Lost mutation: You have claws for feet. [Jiyva's grace]
 12179 | D:15     | Lost mutation: Your flesh is almost immune to the effects
                  | of cold. (rC+++) [Jiyva's grace]
 12179 | D:15     | Lost mutation: Your body is covered in eyes which may
                  | confuse attackers. (Acc +7, SInv) [Jiyva's grace]
 12179 | D:15     | Lost mutation: Your body has grown many eyes which may
                  | confuse attackers. (Acc +5) [Jiyva's grace]
 12179 | D:15     | Lost mutation: Armour fits poorly on your pseudopods.
                  | [Jiyva's grace]
 12179 | D:15     | Lost mutation: You passively dampen the noise of your
                  | surroundings. [Jiyva's grace]
 12179 | D:15     | Gained mutation: You passively dampen the noise of your
                  | surroundings. [Jiyva's grace]
 12179 | D:15     | Gained mutation: A frigid envelope surrounds you and
                  | freezes all who hurt you. [Jiyva's grace]
 12179 | D:15     | Gained mutation: You are covered in slimy tendrils that may
                  | disarm your opponents. [Jiyva's grace]
 12179 | D:15     | Gained mutation: Your translucent skin slightly reduces
                  | your foes' accuracy. (Stealth+) [Jiyva's grace]
 12278 | D:15     | Found a glowing silver altar of Zin.
 12278 | D:15     | Found a glowing golden altar of the Shining One.
 12278 | D:15     | Found a white marble altar of Elyvilon.
 12857 | Orc:1    | Entered Level 1 of the Orcish Mines
 12873 | Orc:1    | Noticed an orc warlord
 12934 | Orc:1    | Killed an orc warlord
 12984 | Orc:1    | Found a frozen archway.
 13013 | IceCv    | Entered an ice cave
 13030 | IceCv    | Reached skill level 17 in Shields
 13122 | IceCv    | Reached XP level 14. HP: 124/124 MP: 13/13
 13375 | IceCv    | Noticed a frost giant
 13442 | IceCv    | Killed a frost giant
 13446 | IceCv    | Reached skill level 15 in Maces & Flails
 13809 | Orc:2    | Entered Level 2 of the Orcish Mines
 14018 | Orc:2    | Found a staircase to the Elven Halls.
 14188 | Orc:2    | Reached skill level 18 in Shields
 14331 | Orc:2    | Noticed an orc warlord
 14364 | Orc:2    | Killed an orc warlord
 14407 | Orc:2    | Found Wuheupn's Antique Weapon Shoppe.
 14411 | Orc:2    | Found Cagukh's Antique Armour Emporium.
 14426 | Orc:2    | Bought a runed kite shield for 135 gold pieces
 14520 | Orc:2    | Found Maxtodel's Antique Armour Emporium.
 14525 | Orc:2    | Bought a runed cloak for 232 gold pieces
 14651 | Orc:2    | Found Voohais's Antique Armour Emporium.
 14660 | Orc:2    | Bought a runed hat for 196 gold pieces
 14877 | Lair:1   | Entered Level 1 of the Lair of Beasts
 14877 | Lair:1   | Found a transporter.
 14877 | Lair:1   | Lost mutation: Your system is resistant to poisons. (rPois)
                  | [Jiyva's grace]
 14877 | Lair:1   | Lost mutation: Your muscles are strong. (Str +2) [Jiyva's
                  | grace]
 14877 | Lair:1   | Lost mutation: You are covered in slimy tendrils that may
                  | disarm your opponents. [Jiyva's grace]
 14877 | Lair:1   | Lost mutation: Your movements are less encumbered by
                  | armour. (ER -4) [Jiyva's grace]
 14877 | Lair:1   | Lost mutation: You passively dampen the noise of your
                  | surroundings. [Jiyva's grace]
 14877 | Lair:1   | Gained mutation: You are partially covered in iridescent
                  | scales. (AC +2) [Jiyva's grace]
 14877 | Lair:1   | Gained mutation: You are mostly covered in iridescent
                  | scales. (AC +4) [Jiyva's grace]
 14877 | Lair:1   | Gained mutation: You are completely covered in iridescent
                  | scales. (AC +6) [Jiyva's grace]
 14877 | Lair:1   | Gained mutation: Your body has grown many eyes which may
                  | confuse attackers. (Acc +5) [Jiyva's grace]
 14920 | Lair:1   | Found a transporter.
 14985 | Lair:1   | Identified the +6 scale mail of the Game of Kings {Rampage
                  | rElec Dex+5}
 15023 | Lair:1   | Found a dark tunnel.
 15028 | Volcano  | Entered a volcano
 15318 | Volcano  | Found a burning altar of Makhleb.
 15721 | Lair:1   | Reached skill level 19 in Shields
 16303 | Lair:2   | Lost mutation: You are completely covered in iridescent
                  | scales. (AC +6) [Jiyva's grace]
 16303 | Lair:2   | Lost mutation: Your translucent skin slightly reduces your
                  | foes' accuracy. (Stealth+) [Jiyva's grace]
 16303 | Lair:2   | Gained mutation: Your flesh is heat resistant. (rF+)
                  | [Jiyva's grace]
 16303 | Lair:2   | Gained mutation: Your flesh is very heat resistant. (rF++)
                  | [Jiyva's grace]
 16303 | Lair:2   | Gained mutation: Your flesh is almost immune to the effects
                  | of heat. (rF+++) [Jiyva's grace]
 16303 | Lair:2   | Gained mutation: Armour fits poorly on your pseudopods.
                  | [Jiyva's grace]
 16886 | Lair:2   | Reached XP level 15. HP: 131/134 MP: 14/14
 16889 | Lair:2   | Found a hole to the Spider Nest.
 17609 | Lair:3   | Lost mutation: Your flesh is very cold resistant. (rC++)
                  | [Jiyva's grace]
 17609 | Lair:3   | Lost mutation: Your flesh is cold resistant. (rC+) [Jiyva's
                  | grace]
 17609 | Lair:3   | Lost mutation: Your flesh is almost immune to the effects
                  | of heat. (rF+++) [Jiyva's grace]
 17609 | Lair:3   | Lost mutation: A frigid envelope surrounds you and freezes
                  | all who hurt you. [Jiyva's grace]
 17609 | Lair:3   | Lost mutation: Armour fits poorly on your pseudopods.
                  | [Jiyva's grace]
 17609 | Lair:3   | Lost mutation: Your movements are slightly less encumbered
                  | by armour. (ER -2) [Jiyva's grace]
 17609 | Lair:3   | Gained mutation: Your melee attacks may engulf your foes in
                  | ooze. [Jiyva's grace]
 17609 | Lair:3   | Gained mutation: You are completely covered in iridescent
                  | scales. (AC +6) [Jiyva's grace]
 17609 | Lair:3   | Gained mutation: Your flesh is almost immune to the effects
                  | of heat. (rF+++) [Jiyva's grace]
 17609 | Lair:3   | Gained mutation: You are strong-willed. (Will+) [Jiyva's
                  | grace]
 18025 | Lair:4   | Found a staircase to the Swamp.
 18531 | Lair:5   | Noticed Urug
 18534 | Lair:5   | Killed Urug
 18552 | Lair:5   | Found a runed translucent gate.
 18552 | Lair:5   | Found a runed translucent gate.
 18552 | Lair:5   | Found a runed translucent gate.
 18557 | Lair:5   | Noticed Vuiwum's ghost (journeyman TeSu)
 18860 | Lair:5   | Noticed Rupert
 19230 | Lair:5   | Killed Rupert
 19358 | Lair:5   | Found a viscous altar of Jiyva.
 19358 | Lair:5   | Found a staircase to the Slime Pits.
 19549 | Lair:5   | Killed Vuiwum's ghost
 19588 | Lair:6   | Entered Level 6 of the Lair of Beasts
 19593 | Lair:6   | Reached skill level 20 in Shields
 19609 | Lair:6   | Lost mutation: You have razor-sharp toenails. [Jiyva's
                  | grace]
 19609 | Lair:6   | Lost mutation: You are completely covered in iridescent
                  | scales. (AC +6) [Jiyva's grace]
 19609 | Lair:6   | Lost mutation: You are mostly covered in iridescent scales.
                  | (AC +4) [Jiyva's grace]
 19609 | Lair:6   | Gained mutation: You are robust. (+10% HP) [Jiyva's grace]
 19609 | Lair:6   | Gained mutation: You are very robust. (+20% HP) [Jiyva's
                  | grace]
 19609 | Lair:6   | Gained mutation: You are extremely robust. (+30% HP)
                  | [Jiyva's grace]
 19609 | Lair:6   | Gained mutation: Your flesh is cold resistant. (rC+)
                  | [Jiyva's grace]
 20322 | Lair:6   | Found a large runed translucent door.
 20323 | Lair:6   | Found a large runed translucent door.
 20889 | D:11     | Noticed Gastronok
 20901 | D:11     | Killed Gastronok
 21380 | Orc:2    | Reached skill level 21 in Shields
 21668 | Swamp:1  | Entered Level 1 of the Swamp
 21746 | Swamp:1  | Reached XP level 16. HP: 187/187 MP: 15/15
 21880 | Swamp:1  | Got the Grimoire of Reanimation Made Easy
 22065 | Swamp:1  | Lost mutation: You are extremely robust. (+30% HP) [Jiyva's
                  | grace]
 22065 | Swamp:1  | Lost mutation: You are very robust. (+20% HP) [Jiyva's
                  | grace]
 22065 | Swamp:1  | Gained mutation: Your rubbery body absorbs attacks. (AC +1,
                  | EV +1) [Jiyva's grace]
 22065 | Swamp:1  | Gained mutation: Your pliable body absorbs attacks. (AC +2,
                  | EV +2) [Jiyva's grace]
 22065 | Swamp:1  | Gained mutation: Your gelatinous body deflects attacks. (AC
                  | +3, EV +3) [Jiyva's grace]
 22065 | Swamp:1  | Gained mutation: Your translucent skin slightly reduces
                  | your foes' accuracy. (Stealth+) [Jiyva's grace]
 22546 | Swamp:2  | Found a glowing silver altar of Zin.
 23164 | Swamp:2  | Noticed Jorgrun
 23192 | Swamp:2  | Killed Jorgrun
 23193 | Swamp:2  | Reached skill level 22 in Shields
 23483 | Swamp:3  | Reached skill level 15 in Armour
 23484 | Swamp:3  | Identified the ring of the Gastropod {Int+4 Slay+4}
 23510 | Swamp:3  | Lost mutation: Your flesh is almost immune to the effects
                  | of heat. (rF+++) [Jiyva's grace]
 23510 | Swamp:3  | Lost mutation: Your flesh is very heat resistant. (rF++)
                  | [Jiyva's grace]
 23510 | Swamp:3  | Lost mutation: You are robust. (+10% HP) [Jiyva's grace]
 23510 | Swamp:3  | Lost mutation: Your gelatinous body deflects attacks. (AC
                  | +3, EV +3) [Jiyva's grace]
 23510 | Swamp:3  | Lost mutation: Your translucent skin slightly reduces your
                  | foes' accuracy. (Stealth+) [Jiyva's grace]
 23510 | Swamp:3  | Gained mutation: You have sharp fingernails. [Jiyva's
                  | grace]
 23510 | Swamp:3  | Gained mutation: You have very sharp fingernails. [Jiyva's
                  | grace]
 23510 | Swamp:3  | Gained mutation: You have claws for hands. [Jiyva's grace]
 23510 | Swamp:3  | Gained mutation: You expend magic power (3 MP) to
                  | strengthen your wands. [Jiyva's grace]
 24060 | Swamp:4  | Entered Level 4 of the Swamp
 24095 | Swamp:4  | Got Vuaff's Grimoire of Enthralling Lightness
 24140 | Swamp:4  | Noticed a thorn hunter
 24327 | Spider:1 | Entered Level 1 of the Spider Nest
 24346 | Spider:1 | Reached XP level 17. HP: 149/152 MP: 16/16
 24453 | Spider:1 | Reached skill level 23 in Shields
 25318 | Spider:2 | Lost mutation: You are partially covered in iridescent
                  | scales. (AC +2) [Jiyva's grace]
 25318 | Spider:2 | Lost mutation: Your flesh is cold resistant. (rC+) [Jiyva's
                  | grace]
 25318 | Spider:2 | Lost mutation: Your pliable body absorbs attacks. (AC +2,
                  | EV +2) [Jiyva's grace]
 25318 | Spider:2 | Lost mutation: Your melee attacks may engulf your foes in
                  | ooze. [Jiyva's grace]
 25318 | Spider:2 | Gained mutation: Your flesh is cold resistant. (rC+)
                  | [Jiyva's grace]
 25318 | Spider:2 | Gained mutation: Your flesh is very cold resistant. (rC++)
                  | [Jiyva's grace]
 25318 | Spider:2 | Gained mutation: Your flesh is almost immune to the effects
                  | of cold. (rC+++) [Jiyva's grace]
 25318 | Spider:2 | Gained mutation: You possess an exceptional clarity of
                  | mind. [Jiyva's grace]
 25482 | Spider:2 | Reached skill level 24 in Shields
 25577 | Spider:2 | Noticed Mlioglotl
 25591 | Spider:2 | Killed Mlioglotl
 25679 | Spider:2 | Noticed Htamos's ghost (journeyman FoVM)
 25685 | Spider:2 | Found a transporter.
 25688 | Spider:2 | Found a transporter.
 26636 | Spider:4 | Entered Level 4 of the Spider Nest
 26840 | Spider:4 | Reached XP level 18. HP: 162/162 MP: 17/17
 27067 | Spider:4 | Reached skill level 25 in Shields
 27345 | Spider:4 | Reached skill level 15 in Fighting
 27502 | Spider:4 | Got a gossamer rune of Zot
 28419 | Swamp:4  | Noticed the 27-headed Lernaean hydra
 28446 | Swamp:4  | Lost mutation: You possess an exceptional clarity of mind.
                  | [Jiyva's grace]
 28446 | Swamp:4  | Lost mutation: Your flesh is almost immune to the effects
                  | of cold. (rC+++) [Jiyva's grace]
 28446 | Swamp:4  | Lost mutation: Your flesh is heat resistant. (rF+) [Jiyva's
                  | grace]
 28446 | Swamp:4  | Lost mutation: You passively map a small area around you.
                  | [Jiyva's grace]
 28446 | Swamp:4  | Gained mutation: You are covered in fur. (AC +1) [Jiyva's
                  | grace]
 28446 | Swamp:4  | Gained mutation: You are covered in thick fur. (AC +2)
                  | [Jiyva's grace]
 28446 | Swamp:4  | Gained mutation: Your thick and shaggy fur keeps you warm.
                  | (AC +3, rC+) [Jiyva's grace]
 28446 | Swamp:4  | Gained mutation: You have a somewhat thin skeletal
                  | structure. (Dex +2, Stealth+) [Jiyva's grace]
 28473 | Swamp:4  | HP: 6/163 [the 27-headed Lernaean hydra (3)]
 28479 | Swamp:4  | HP: 8/163 [the 27-headed Lernaean hydra (9)]
 28479 | Swamp:4  | Slain by the 27-headed Lernaean hydra

Illustrated notes

Levels and vault maps discovered:
D:1:      noname_arrival_rooms_in_the_neighbourhood, layout_loops_corners,
          shapermc_ecumenical_altar_ellora
D:2:      layout_basic, uniq_crazy_yiuf_cottage
D:3:      due_chaos_kobolds, layout_basic, serial_shops, shop, uniq_robin
D:4:      layout_loops_corners, serial_shops, nicolae_shop_statue_plus
D:5:      minmay_spotlight, layout_loops_cross, nicolae_overflow_hidden_temple,
          minmay_temple_entry_proselytizer, sigmund_edmund_badplayer
D:6:      layout_loops_ring, lightli_orcish_oven
D:7:      layout_cave_pools, uniq_maggie
D:8:      cheibrodos_statue_roulette, layout_basic, serial_shops, shop,
          uniq_pikel, uniq_maurice
D:9:      kennysheep_ambush_hall, layout_gridville, feat_on_display
D:10:     layout_small_grid, lair_entry_dummy, zombieorc2_lemuel,
          grunt_ministairs_5, uniq_erolcha
D:11:     layout_roguey, serial_shops, kennysheep_mini_moat, nicolae_shop_stone,
          shop_fountains, special_room [special_room_orc], uniq_gastronok
D:12:     layout_loops_corners, chequers_serial_rivers_small_3, st_stairs_12
D:13:     layout_long_grid, skrybe_vaults_entry_preservation, enter_bailey_2,
          uniq_sonja
D:14:     gammafunk_its_a_trap, layout_rooms, serial_glass, glass_columns_c,
          glass_columns_a, glass_columns_a, glass_columns_c, glass_columns_a,
          glass_columns_b, glass_columns_b, glass_columns_a, feat_on_display,
          kennysheep_decorative_pillar
D:15:     hangedman_depths_entry_civil_slaughter, layout_layer_cave,
          good_gods_mini_temple
Lair:1:   gammafunk_worm_tunnel, layout_regular_city,
          nicolae_volcano_entry_s_turn, serial_bayou_lagoon_b
Lair:2:   layout_loops_ring, spider_nest_entry_rubble, small_statue_intersection
Lair:3:   layout_regular_city, serial_bayou_shore_a
Lair:4:   layout_long_grid, swamp_mist_pool, infiniplex_staircase_pool_2,
          serial_bayou_shore_b
Lair:5:   layout_small_grid, dpeg_slime_entry_enclosed_altar,
          gammafunk_ghost_necromancy, st_stairs_12, beast_lair_carwin_9,
          uniq_urug, uniq_rupert
Lair:6:   cheibrodos_lair_end_hotspot, layout_regular_city, minivault_23
Swamp:1:  layout_basic_swamp, hangedman_swamp_ruin_wall,
          nicolae_swamp_necromancy_gone_wrong
Swamp:2:  cheibrodos_swamp_mausoleum, layout_basic_swamp, basic_altar,
          swamp_pool4, uniq_jorgrun
Swamp:3:  layout_falls_marsh, hangedman_swamp_ruin_hall, swamp_pool1,
          nicolae_swamp_frolicking_bunyips
Swamp:4:  swamp_alternative, layout_basic_swamp, infiniplex_staircase_pool
Spider:1: layout_spider_delve
Spider:2: spider_temple_joshua, gammafunk_ghost_arena, uniq_mlioglotl
Spider:3: layout_spider_delve
Spider:4: grunt_spider_rune_circles
Orc:1:    layout_diamond_mine, portal_ice_cave_entry_imps
Orc:2:    grunt_orc_community_town_hall, layout_caves,
          grunt_orc_community_big_house_2, grunt_orc_community_big_house_2,
          grunt_orc_community_house_2, grunt_orc_community_house_3,
          grunt_orc_community_house_1, grunt_orc_community_house_2,
          grunt_orc_community_house_1, grunt_orc_community_house_1

Skill      XL: |  1  2  3  4  5  6  7  8  9 10 11 12 13 14 15 16 17 18 |
---------------+-------------------------------------------------------+-----
Maces & Flails | 4 5 6 7 8 10 11 12 14 15 16 17 | 17.3
Fighting       | 4 5 6 7 8 9 11 12 13 14 15 | 15.1
Dodging        | 4 5 6 7 8 9 10 11 12 13 | 13.8
Armour         | 1 2 3 4 6 7 9 10 11 13 14 15 16 | 16.5
Shields        | 2 4 6 9 11 13 15 17 19 21 22 24 25 | 25.5
Stealth        | |  1.5
Evocations     | |  0.1

Action                   |  1- 3 |  4- 6 |  7- 9 | 10-12 | 13-15 | 16-18 || total
-------------------------+-------+-------+-------+-------+-------+-------++-------
Melee: Mace              |    74 |   153 |    48 |       |       |       ||   275
       Headbutt          |     9 |    32 |    34 |   113 |   353 |   410 ||   951
       Flail             |       |       |   145 |   461 |  1219 |  1353 ||  3178
       Kick              |       |       |       |   146 |   521 |   648 ||  1315
       Pseudopods        |       |       |       |    82 |    74 |       ||   156
Evoke: Wand              |       |       |       |     1 |     4 |       ||     5
  Use: Potion            |       |     3 |       |       |     2 |     5 ||    10
       Scroll            |       |       |     7 |     2 |    19 |     4 ||    32
 Stab: Sleeping          |     5 |     5 |     3 |     4 |     2 |       ||    19
       Distracted        |       |       |     1 |       |       |       ||     1
       Confused          |       |       |       |    14 |    35 |    67 ||   116
Armor: Robe              |     8 |    10 |     1 |       |       |       ||    19
       Acid dragon scale |       |       |     1 |       |       |       ||     1
       Steam dragon scal |       |       |     5 |    45 |    17 |       ||    67
       Plate armour      |       |       |       |       |   135 |   654 ||   789
Dodge: Dodged            |    56 |    84 |    50 |   168 |   235 |   485 ||  1078
Block: Kite shield       |       |    60 |   126 |   346 |   911 |  1744 ||  3187
       Reflection        |       |     1 |     3 |    21 |    32 |    17 ||    74

Table legend: (Time is in decaauts)
 A = Elapsed time spent in this place.
 B = Non-inter-level travel time spent in this place.
 C = Inter-level travel time spent in this place.
 D = Time resting spent in this place.
 E = Time spent auto-exploring this place.
 F = Levels seen in this place.
 G = Mean time per level.
                   A        B        C        D        E       F      G
               +--------+--------+--------+--------+--------+-----+--------+
         Total |  28143 |  25685 |   2458 |      0 |  17757 |  33 |  852.8 |
       Dungeon |  13101 |  12084 |   1017 |      0 |   8659 |  15 |  873.4 |
          Lair |   5505 |   4974 |    531 |      0 |   3963 |   6 |  917.5 |
         Swamp |   3251 |   2927 |    324 |      0 |   1875 |   4 |  812.8 |
   Spider Nest |   3334 |   3052 |    282 |      0 |   1883 |   4 |  833.5 |
  Orcish Mines |   1724 |   1422 |    302 |      0 |    881 |   2 |  862.0 |
      Ice Cave |    652 |    652 |      0 |      0 |    259 |   1 |  652.0 |
       Volcano |    572 |    572 |      0 |      0 |    235 |   1 |  572.0 |
               +--------+--------+--------+--------+--------+-----+--------+

Top non-repeatable levels by time:
Spider:2: 1214 daAuts
    D:13: 1167 daAuts
   Orc:2: 1139 daAuts
  Lair:6: 1108 daAuts
    D:11: 1084 daAuts
    D:15: 1077 daAuts
 Swamp:2: 1071 daAuts
  Lair:5: 1045 daAuts
     D:5: 1004 daAuts
Spider:4: 993 daAuts
     D:9: 962 daAuts
  Lair:2: 942 daAuts
     D:1: 928 daAuts
 Swamp:3: 925 daAuts
     D:4: 924 daAuts
